AoeStats
← Tesla

Lombardia

509218957Analyzed
3v3 RM · 7d ago on Sep 25, 2026· 44m 28s· 6 players
Game mode
Random Map
Map size
Normal (6 player)
Population
200
Speed
Normal
Resources
Standard
Victory
Conquest
Starting age
Dark Age
Ending age
Imperial Age
RankedLock teamsTeams togetherTeam positionsShared explorationLock speedFull tech treeHidden civsTurbo modeCheats
Victory
Defeat
🇬🇷 Huns · Greece
1021
+13
🇬🇷 Spanish · Greece
1003
+14
🇬🇷 Vikings · Greece
974
+16
🇺🇸 Saxons · United States
984
-15
🇦🇷 Magyars · Argentina
971
-15
🇨🇱 Tupi · Chile
927
-13
MapleMilk0_0
7:11 Loom
9:20 Feudal Age
9:24 Man-at-Arms
9:29 Man-at-Arms
10:10 Double-Bit Axe
20:10 Castle Age
18:24 Horse Collar
18:40 Gold Mining
19:04 Stone Mining
19:17 Arson
21:58 Forging
21:26 Pikeman
22:07 Squires
24:06 Wheelbarrow
28:12 Scale Mail Armor
30:38 Gambesons
31:42 Iron Casting
31:23 Bow Saw
32:28 Chain Mail Armor
32:54 Fletching
33:58 Hand Cart
39:57 Imperial Age
37:53 Bodkin Arrow
39:05 Town Watch
40:18 Town Patrol
40:15 Shield Wall
40:27 Elite Hearth Troop
42:45 Conscription
43:33 Plate Mail Armor
44:31 Gold Shaft Mining
DUNCAN
5:44 Loom
9:22 Feudal Age
9:59 Double-Bit Axe
13:44 Scale Barding Armor
20:47 Castle Age
19:03 Horse Collar
22:08 Bloodlines
Tesla
2:08 Loom
10:15 Feudal Age
11:25 Double-Bit Axe
13:39 Wheelbarrow
14:53 Horse Collar
17:50 Stone Mining
21:50 Castle Age
19:45 Gold Mining
20:59 Forging
20:50 Scale Mail Armor
20:33 Champi Runner
20:58 Arson
22:00 Town Watch
23:23 Pikeman
25:17 Town Watch
25:48 Bow Saw
25:44 Heavy Plow
26:02 Fletching
27:25 Champi Warrior
28:39 Squires
28:57 Elite Skirmisher
33:33 Imperial Age
34:13 Capped Ram
40:47 Hand Cart
42:07 Two-Man Saw
43:43 Conscription
Fly Lo
11:20 Feudal Age
10:19 Loom
15:02 Castle Age
13:39 Double-Bit Axe
13:59 Horse Collar
19:54 Bow Saw
25:44 Wheelbarrow
25:41 Forging
25:36 Scale Barding Armor
26:27 Heavy Plow
30:43 Bloodlines
31:51 Hand Cart
32:52 Iron Casting
33:48 Husbandry
34:11 Chain Barding Armor
39:39 Imperial Age
40:10 Cavalier
42:16 Blast Furnace
41:52 Plate Barding Armor
41:40 Paladin
Tsimentopoulos
11:45 Feudal Age
10:15 Loom
15:56 Castle Age
16:06 Double-Bit Axe
24:51 Scale Barding Armor
33:49 Imperial Age
31:30 Stone Mining
32:48 Chain Barding Armor
35:45 Bow Saw
38:46 Wheelbarrow
43:30 Wheelbarrow
dripped fly lo
12:53 Feudal Age
16:57 Castle Age
15:27 Double-Bit Axe
16:18 Forging
17:11 Loom
17:28 Pikeman
19:07 Bow Saw
19:13 Horse Collar
19:55 Heavy Plow
25:32 Scale Mail Armor
26:08 Iron Casting
26:02 Gold Mining
28:08 Chain Mail Armor
29:57 Gold Shaft Mining
31:40 Stone Mining
36:09 Imperial Age
36:45 Squires
36:34 Arson
36:40 Man-at-Arms
37:55 Plate Mail Armor
38:27 Blast Furnace
37:58 Long Swordsman
40:16 Chieftains
39:49 Two-Handed Swordsman
41:22 Champion
Connection lost

Rejoining the realm…

Still unreachable

The connection could not be restored.

Session expired

The server has moved on; the page needs a fresh start.